Map: Dusk Towers

Players

ByuN - Winner!

  • Race: Terran Terran

Lilbow

  • Race: Protoss Protoss

Event: IEM Season 10 - Taipei

VOD

Have the link to the VOD?

Description

Time

  • Played on: Jan. 31, 2016, 9:04 p.m.
  • Length: 5:42

All games in this series

Show
View Real Time Build Order
Export as new Build Order

ByuN Terran - Winner!

Build Orders: 1/1/1, Liberator Opening 

Get SALT Encoding   

  12  0:00  SCV  
  13  0:12  SCV  
  14  0:17  Supply Depot  
  14  0:25  SCV  
  15  0:39  SCV  
  15  0:40  Barracks  
  16  0:44  Refinery  
  16  0:51  SCV  
  16  0:53  Refinery  
  17  1:03  SCV  
  18  1:15  SCV  
  19  1:27  Orbital Command, Marine  
  19  1:32  Factory  
  20  1:43  Supply Depot  
  20  1:46  Barracks Reactor  
  20  1:53  SCV  
  21  2:05  SCV  
  22  2:15  Widow Mine  
  22  2:17  Starport, SCV  
  22  2:19  Supply Depot  
  22  2:21  Marine x2  
  27  2:29  SCV  
  28  2:39  Marine x2  
  28  2:41  SCV  
  31  2:45  Supply Depot, Hellion  
  33  2:53  Medivac  
  33  2:58  Marine  
  36  3:06  Hellion  
  36  3:09  Liberator  
  38  3:18  Command Center  
  41  3:28  Widow Mine  
  41  3:33  Supply Depot  
  43  3:37  SCV  
  44  3:42  Marine x2  
  46  3:49  SCV  
  47  4:01  SCV  
  46  4:07  Factory Tech Lab  
  46  4:13  SCV  
  46  4:14  Marine  
  46  4:15  Marine  
  47  4:27  SCV  
  47  4:29  Siege Tank  
  47  4:31  Orbital Command  
  49  4:35  Marine x2  
  49  4:36  Viking  
  53  4:39  SCV  
  54  4:51  SCV  
  55  4:55  Marine x2  
  57  5:03  SCV, Siege Tank  
  57  5:06  SCV  
  62  5:10  Supply Depot  
  62  5:15  SCV  
  62  5:18  Marine x2, SCV  
  61  5:27  SCV  
Show
View Real Time Build Order
Export as new Build Order

Lilbow Protoss 

Build Orders: 1 Gate Expand, Phoenix Opening 

Get SALT Encoding   

  12  0:00  Probe (Chrono Boost)  
  13  0:11  Probe (Chrono Boost)  
  14  0:17  Pylon  
  14  0:22  Probe (Chrono Boost)  
  15  0:35  Gateway, Probe (Chrono Boost)  
  16  0:46  Probe (Chrono Boost)  
  16  0:47  Assimilator  
  17  0:56  Probe (Chrono Boost)  
  18  1:07  Probe (Chrono Boost)  
  19  1:17  Probe (Chrono Boost)  
  20  1:23  Nexus  
  20  1:34  Cybernetics Core  
  20  1:35  Probe (Chrono Boost)  
  20  1:39  Assimilator  
  21  1:45  Probe (Chrono Boost)  
  22  1:50  Pylon  
  22  1:56  Probe (Chrono Boost)  
  23  2:08  Probe (Chrono Boost)  
  24  2:10  Stalker (Chrono Boost), Warp Gate (Chrono Boost)  
  26  2:19  Probe  
  27  2:31  Probe  
  27  2:33  Probe  
  27  2:36  Stalker (Chrono Boost)  
  31  2:43  Probe  
  31  2:44  Probe  
  32  2:46  Stargate  
  33  2:54  Probe  
  33  2:55  Probe  
  35  3:01  Stalker (Chrono Boost)  
  35  3:05  Probe  
  37  3:08  Probe  
  37  3:11  Pylon  
  39  3:17  Probe  
  40  3:20  Probe  
  40  3:24  Stalker  
  40  3:25  Gateway  
  41  3:30  Phoenix (Chrono Boost)  
  41  3:33  Gateway  
  45  3:41  Gateway  
  45  3:52  Phoenix (Chrono Boost)  
  47  4:00  Probe  
  48  4:08  Probe  
  43  4:14  Phoenix (Chrono Boost)  
  43  4:20  Probe  
  43  4:21  Stalker x2  
  43  4:23  Probe  
  47  4:32  Pylon  
  47  4:39  Stalker, Zealot  
  47  4:40  Probe  
  47  4:44  Stalker  
  54  4:50  Pylon, Stalker  
  56  5:02  Stalker, Zealot  
  47  5:21  Stalker, Zealot  
  38  5:37  Stalker x2  

Tags
 
Add a new tag
Caveats
  • Supply blocks, unpowered buildings, or Contaminate may cause inaccurate times.
  • Supply counts are checked every 10 seconds.